 Dungeon Crawl Stone Soup version 0.29-a0-214-g17f627cfee (webtiles) character file.

Game seed: 5417342611967572751

2664 bande the Cleaver (level 9, -15/55 HPs)
             Began as a Gargoyle Fighter on Feb 25, 2022.
             Demolished by a two-headed ogre
             ... wielding a +0 giant spiked club
              (18 damage)
             ... on level 7 of the Dungeon.
             The game lasted 00:13:17 (8203 turns).

bande the Cleaver (Gargoyle Fighter)                Turns: 8203, Time: 00:13:18

Health: -15/55     AC: 21    Str: 26    XL:     9   Next: 63%
Magic:  9/9        EV:  3    Int:  9    God:
Gold:   1567       SH: 14    Dex: 13    Spells: 8/8 levels left

rFire   . . .      SeeInvis .   L - +5 hand axe
rCold   . . .      Faith    .   u - +0 tower shield
rNeg    + . .      Spirit   .   n - +0 plate armour
rPois   ∞          Reflect  .   o - +0 helmet
rElec   +          Harm     .   (no cloak)
rCorr   .          Rampage  .   (no gloves)
Will    .....                   m - +0 pair of boots
Stlth   ..........              (no amulet)
HPRegen 0.18/turn               i - +6 ring of strength
MPRegen 0.11/turn               (no ring)

@: mighty
A: sickness immunity, AC +6, negative energy resistance 1, electricity
resistance, torment resistance 1, petrification resistance
a: no special abilities


You were on level 7 of the Dungeon.
You visited 1 branch of the dungeon, and saw 7 of its levels.
You also visited: Sewer and Ossuary.

You collected 1567 gold pieces.

Inventory:

Hand Weapons
 a - a +0 war axe
 f - a +2 war axe of electrocution
 D - a +4 flail of draining
 L - a +5 hand axe (weapon)
Missiles
 s - 3 throwing nets (quivered)
Armour
 m - a +0 pair of boots (worn)
 n - a +0 plate armour (worn)
 o - a +0 helmet (worn)
 u - a +0 tower shield (worn)
 H - a +1 scale mail of fire resistance
Jewellery
 i - a +6 ring of strength (left hand)
 l - an amulet of faith
 t - a +6 ring of intelligence
 G - a ring of willpower
Wands
 w - a wand of mindburst (5)
 E - a wand of flame (6)
 F - a wand of iceblast (14)
Scrolls
 c - a scroll of brand weapon
 g - 3 scrolls of identify
 j - 3 scrolls of teleportation
 k - a scroll of fear
 K - a scroll of magic mapping
Potions
 b - a potion of berserk rage {unknown}
 d - 3 potions of might
 e - a potion of degeneration {unknown}
 h - a potion of flight
 p - 3 potions of mutation {unknown}
 q - 2 potions of heal wounds {unknown}
 r - a potion of lignification {unknown}
 v - a potion of attraction
 x - a potion of curing {unknown}
 z - 2 potions of cancellation
 A - 3 potions of invisibility
 B - 2 potions of brilliance
 C - 2 potions of magic {unknown}
 I - a potion of haste {unknown}


   Skills:
 + Level 6.2 Fighting
 + Level 8.0 Axes
 + Level 6.0 Armour
 + Level 6.3 Shields
 * Level 4.1 Evocations


You had 8 spell levels left.
You didn't know any spells.
Your spell library contained the following spells:

 Spells                   Type           Power      Damage    Failure   Level
 Summon Small Mammal      Summ           0%         N/A       100%        1
 Ensorcelled Hibernation  Hex/Ice        0%         N/A       100%        2
 Passwall                 Tmut/Erth      0%         N/A       100%        2
 Call Canine Familiar     Summ           0%         N/A       100%        3
 Conjure Flame            Conj/Fire      0%         6-21      100%        3
 Gell's Gravitas          Tloc           0%         N/A       100%        3
 Ignite Poison            Fire/Tmut/Pois 0%         N/A       100%        3
 Lesser Beckoning         Tloc           0%         N/A       100%        3
 Summon Guardian Golem    Hex/Summ       0%         N/A       100%        3
 Swiftness                Air            0%         N/A       100%        3
 Teleport Other           Tloc           0%         N/A       100%        3
 Sticky Flame             Conj/Fire      0%         2d3       100%        4


Dungeon Overview and Level Annotations

Branches:
Dungeon (7/15)              Sewer (visited)         Ossuary (visited)
 Temple: D:4-7

Altars:

Shops:
D:3 :   D:4 :


Innate Abilities, Weirdness & Mutations

You are immune to sickness and miasma.
Your stone body is resilient. (AC +6)
You are immune to poison.
You resist negative energy. (rN+)
You are resistant to electric shocks. (rElec)
You are resistant to unholy torment.
You are immune to petrification.


Message History

Your Axes skill increases to level 8!
No target in view!
No target in view!
No target in view!
No target in view!
No target in view!
A two-headed ogre is nearby!
A two-headed ogre is nearby!
The two-headed ogre shouts in stereo!
You slash the two-headed ogre!
The two-headed ogre is lightly wounded.
You block the two-headed ogre's attack. x2
You hit the two-headed ogre.
The two-headed ogre is lightly wounded.
The two-headed ogre hits you with a +0 giant spiked club!!
You block the two-headed ogre's attack.
You hit the two-headed ogre.
The two-headed ogre is moderately wounded.
The two-headed ogre hits you with a +0 giant spiked club!
The two-headed ogre hits you with a +0 giant club!
* * * LOW HITPOINT WARNING * * *
You barely miss the two-headed ogre.
The two-headed ogre is moderately wounded.
The two-headed ogre hits you with a +0 giant spiked club.
* * * LOW HITPOINT WARNING * * *
The two-headed ogre hits you but does no damage.
You slash the two-headed ogre!
The two-headed ogre is moderately wounded.
You block the two-headed ogre's attack. x2
You hit the two-headed ogre.
The two-headed ogre is moderately wounded.
The two-headed ogre hits you with a +0 giant spiked club!
* * * LOW HITPOINT WARNING * * *
You block the two-headed ogre's attack.
You feel very mighty all of a sudden.
You slash the two-headed ogre!
The two-headed ogre is heavily wounded.
You block the two-headed ogre's attack.
The two-headed ogre hits you with a +0 giant club!!
You die...

#...##..###..####.....#
##......# ###....## #..#
#.....# ##....## ##...## #..#
#.....# ##...# ####....###..#
#.....## ##....##
#........##.##
#......###..##..# ............#
#..........####.. ............#
#...###...## ##.
#............####..## ##..# #.
##.<...........O@..# ##.# ##.
#............####.# ##..# #..
#....###...## #.## ##...####..
##....# ##.# #..###.....##...
......#####.# #...............
###.........###
#................
##..........##..#####.....#....
#.# #.....# ###...###.. ###.#
#.#.).# ##.######


You could see a two-headed ogre.

Vanquished Creatures
  Grinder (Sewer)
  Prince Ribbit (D:6)
  2 black bears (D:6)
  An ogre (D:5)
  3 phantoms
  A kobold brigand (Sewer)
  A bullfrog (D:7)
  3 scorpions
  A water moccasin zombie (D:5)
  13 wights
  2 centaur zombies
  2 jellies
  A centaur skeleton (D:6)
  An orc priest (D:3)
  2 quasits (Sewer)
  A hound (D:2)
  5 iguanas
  Natasha (twice) (D:3)
  2 orc wizards (D:3)
  A killer bee zombie (D:5)
  2 mummies (Ossuary)
  A howler monkey zombie (D:7)
  Robin (D:3)
  4 gnolls (D:3)
  A howler monkey skeleton (D:7)
  6 adders
  4 shadow imps (Sewer)
  2 white imps (D:6)
  4 ufetubi
  An adder skeleton (D:4)
  2 worms (D:2)
  2 dart slugs (D:1)
  18 orcs
  4 endoplasms
  8 giant cockroaches
  4 gnoll zombies (Ossuary)
  14 goblins
  10 hobgoblins
  8 jackals
  22 kobolds
  A quokka (D:2)
  6 ball pythons
  5 bats
  5 frilled lizards
  A goblin zombie (Ossuary)
  4 hobgoblin zombies (Ossuary)
  4 orc zombies (Ossuary)
  A quokka skeleton (D:2)
  5 rats
196 creatures vanquished.

Notes
Turn   | Place    | Note
-------+----------+-------------------------------------------
     0 | D:1      | bande the Gargoyle Fighter began the quest for the Orb.
     0 | D:1      | Reached XP level 1. HP: 14/14 MP: 1/1
   360 | D:1      | Reached XP level 2. HP: 19/19 MP: 2/2
   418 | D:1      | Reached skill level 2 in Axes
   774 | D:1      | Reached XP level 3. HP: 23/23 MP: 3/3
   828 | D:1      | Found a faded altar of an unknown god.
  1161 | D:2      | Reached XP level 4. HP: 25/29 MP: 4/4
  1176 | D:2      | Identified the +0 falchion of the Grave {vorpal, Str+2}
  1425 | D:2      | Reached skill level 3 in Axes
  1754 | D:3      | Noticed Robin
  1766 | D:2      | Reached XP level 5. HP: 27/33 MP: 5/5
  2107 | D:3      | Killed Robin
  2135 | D:3      | Noticed Natasha
  2147 | D:3      | Killed Natasha
  2148 | D:3      | Reached skill level 4 in Axes
  2290 | D:3      | Reached XP level 6. HP: 39/39 MP: 6/6
  2580 | D:3      | Noticed Natasha
  2594 | D:3      | Killed Natasha
  3078 | D:3      | Found Soyz's Book Boutique.
  3637 | D:4      | Found Hozufow's Book Boutique.
  3930 | D:5      | Entered Level 5 of the Dungeon
  3985 | D:5      | Reached skill level 5 in Axes
  3985 | D:5      | Reached XP level 7. HP: 44/44 MP: 7/7
  4470 | D:5      | Reached skill level 5 in Fighting
  4470 | D:5      | Reached skill level 1 in Evocations
  4779 | D:5      | Identified a scroll of acquirement
  4779 | D:5      | Acquired 913 gold pieces
  5078 | D:6      | Reached skill level 5 in Armour
  5078 | D:6      | Reached XP level 8. HP: 49/49 MP: 8/8
  5103 | D:6      | Found a glowing drain.
  5134 | Sewer    | Entered a sewer
  5232 | Sewer    | Found a burning altar of Makhleb.
  5241 | Sewer    | Noticed Grinder
  5247 | Sewer    | Reached skill level 6 in Axes
  5257 | Sewer    | Paralysed by Grinder for 3 turns
  5270 | Sewer    | Killed Grinder
  5271 | Sewer    | Reached skill level 5 in Shields
  5645 | D:6      | Found a sand-covered staircase.
  5650 | Ossuary  | Entered an ossuary
  5859 | D:6      | Noticed Prince Ribbit
  5869 | D:6      | Reached skill level 7 in Axes
  5872 | D:6      | Killed Prince Ribbit
  5873 | D:6      | Reached XP level 9. HP: 55/55 MP: 9/9
  7404 | D:7      | Noticed a two-headed ogre
  8181 | D:7      | Reached skill level 8 in Axes
  8203 | D:7      | Demolished by a two-headed ogre

Illustrated notes

Levels and vault maps discovered:
D:1:      dpeg_arrival_refuge, layout_rooms, dilly_ecumenical_altar_fadedgnrine,
          hex_large
D:2:      layout_basic, grunt_ministairs_4, minmay_pentomino_pile
D:3:      layout_basic, serial_shops, shop, uniq_robin, uniq_natasha
D:4:      layout_loops_cross, serial_shops, nicolae_shop_crystal
D:5:      layout_basic
D:6:      layout_layer_cave, enter_ossuary_2, gup_sewer_entry_glass,
          uniq_prince_ribbit1
D:7:      layout_layer_cave, mainiacjoe_overflow_alcove_4,
          minmay_temple_entry_stoned_glass, hangedman_decor_lopped

Skill      XL: |  1  2  3  4  5  6  7  8  9 |
---------------+----------------------------+-----
Axes           | 2 3 4 5 7 8 |  8.0
Fighting       | 4 5 6 |  6.2
Armour         | 4 5 6 |  6.0
Shields        | 4 5 6 |  6.3
Evocations     | 1 3 4 |  4.1

Action                   |  1- 3 |  4- 6 |  7- 9 || total
-------------------------+-------+-------+-------++-------
Melee: War axe           |    93 |   117 |   200 ||   410
       Hand axe          |       |       |    67 ||    67
  Use: Scroll            |       |       |    12 ||    12
       Potion            |       |       |     6 ||     6
Armor: Chain mail        |    71 |     8 |       ||    79
       Scale mail        |     1 |       |       ||     1
       Plate armour      |       |   120 |   226 ||   346
Dodge: Dodged            |    28 |    37 |    35 ||   100
Block: Buckler           |    23 |    23 |       ||    46
       Tower shield      |       |    23 |   271 ||   294

Table legend: (Time is in decaauts)
 A = Elapsed time spent in this place.
 B = Non-inter-level travel time spent in this place.
 C = Inter-level travel time spent in this place.
 D = Time resting spent in this place.
 E = Time spent auto-exploring this place.
 F = Levels seen in this place.
 G = Mean time per level.
                   A        B        C        D        E       F      G
               +--------+--------+--------+--------+--------+-----+--------+
         Total |   8440 |   8421 |     19 |   1615 |   5074 |   9 |  937.8 |
       Dungeon |   7733 |   7714 |     19 |   1615 |   4597 |   7 | 1104.7 |
         Sewer |    491 |    491 |      0 |      0 |    333 |   1 |  491.0 |
       Ossuary |    215 |    215 |      0 |      0 |    144 |   1 |  215.0 |
               +--------+--------+--------+--------+--------+-----+--------+

Top non-repeatable levels by time:
     D:7: 1413 daAuts
     D:2: 1322 daAuts
     D:6: 1171 daAuts
     D:3: 1166 daAuts
     D:5: 1122 daAuts
     D:1: 887 daAuts
     D:4: 649 daAuts
   Sewer: 491 daAuts
 Ossuary: 215 daAuts
